Map: Terraform LE (Void)

Players

RockyCoRe - Winner!

  • Race: Terran Terran
  • League: Bronze

wabbajack

  • Race: Zerg Zerg
  • League: Gold

VOD

Have the link to the VOD?

Description

Time

  • Played on: July 17, 2015, 6:47 p.m.
  • Length: 6:42
Show
View Real Time Build Order
Export as new Build Order

RockyCoRe Terran - Winner!

Build Orders: Siege Tank Drop 

Get SALT Encoding   

  12  0:01  SCV  
  13  0:13  SCV  
  14  0:18  Supply Depot  
  14  0:25  SCV  
  15  0:29  Refinery  
  15  0:39  SCV  
  16  0:45  Barracks  
  16  0:51  SCV  
  17  1:07  SCV  
  18  1:19  SCV  
  18  1:24  Refinery  
  19  1:33  Supply Depot, Orbital Command  
  19  1:40  Barracks Reactor  
  19  1:57  Factory  
  19  2:01  SCV  
  20  2:16  SCV  
  20  2:19  Factory  
  20  2:21  Marine x2  
  23  2:29  SCV  
  24  2:43  Marine x2  
  26  2:46  SCV  
  26  2:47  Factory Tech Lab  
  27  2:55  Starport  
  27  2:58  SCV  
  27  3:08  Siege Tank  
  27  3:12  Supply Depot  
  29  3:21  Barracks Reactor, Hellion  
  31  3:33  SCV  
  32  3:36  Supply Depot  
  32  3:37  Supply Depot  
  32  3:38  Medivac  
  32  3:39  Hellion  
  36  3:42  Hellion  
  38  3:50  SCV  
  39  3:57  Siege Tank  
  39  3:59  Supply Depot  
  42  4:02  Supply Depot  
  42  4:08  Hellion  
  44  4:14  Hellion  
  44  4:16  Medivac  
  50  4:25  Marine x2  
  49  4:47  Armory  
  49  5:06  Marine x2  
  51  5:09  Hellion x2  
  51  5:10  SCV  
  56  5:22  SCV  
  50  6:01  SCV  
  50  6:39  Command Center  
Show
View Real Time Build Order
Export as new Build Order

wabbajack Zerg 

Build Orders: Hatch First 

Get SALT Encoding   

  12  0:01  Drone  
  13  0:13  Overlord  
  13  0:18  Drone  
  14  0:26  Drone, Extractor  
  15  0:39  Drone x2  
  17  0:54  Hatchery  
  16  0:58  Extractor  
  16  0:59  Drone  
  16  1:05  Drone  
  17  1:18  Spawning Pool  
  16  1:22  Drone  
  16  1:24  Drone  
  18  1:29  Drone  
  19  1:42  Overlord  
  19  1:57  Drone  
  20  2:04  Queen  
  20  2:06  Queen  
  20  2:07  Metabolic Boost  
  24  2:13  Zergling x2  
  26  2:15  Zergling x2  
  26  2:32  Baneling Nest  
  25  2:40  Extractor  
  24  2:44  Drone x2  
  24  2:45  Drone x2  
  24  2:46  Drone x2  
  30  3:01  Pneumatized Carapace  
  30  3:06  Overlord x2  
  30  3:17  Zergling x4  
  32  3:20  Zergling x4  
  32  3:23  Baneling x2  
  34  3:28  Baneling  
  34  3:30  Baneling  
  34  3:35  Drone x4  
  38  3:54  Lair  
  39  3:55  Drone  
  39  3:56  Drone x3  
  42  4:26  Roach Warren  
  42  4:29  Drone x2  
  42  4:30  Drone x2  
  42  4:31  Drone x4  
  46  4:38  Evolution Chamber  
  45  4:50  Overlord  
  45  4:51  Overlord  
  45  4:56  Overlord x2  
  43  5:00  Overlord  
  43  5:01  Spire  
  43  5:05  Hydralisk Den  
  27  5:22  Roach x4  
  27  5:23  Roach x4  
  39  6:04  Roach x5  
  41  6:06  Drone  
Tags
 
Add a new tag
Caveats
  • Supply blocks, unpowered buildings, or Contaminate may cause inaccurate times.
  • Supply counts are checked every 10 seconds.